 Dungeon Crawl Stone Soup version 0.28-a0-779-g3d1f99b579 (webtiles) character file.

Game seed: 2562698711911697746

123 ders the Ducker (level 4, -1/52 HPs)
             Began as a Demonspawn Gladiator on Nov 2, 2021.
             Succumbed to a water moccasin's poison
             ... in a sewer.
             The game lasted 00:04:58 (3357 turns).

ders the Ducker (Demonspawn Gladiator)              Turns: 3357, Time: 00:04:59

Health: -1/52      AC: 10    Str: 16    XL:     4   Next: 80%
Magic:  1/4        EV: 12    Int:  9    God:
Gold:   102        SH:  0    Dex: 14    Spells: 3/3 levels left

rFire   . . .      SeeInvis .   a - +0 war axe
rCold   . . .      Faith    .   (no shield)
rNeg    . . .      Spirit   +   b - +0 leather armour
rPois   .          Reflect  .   c - +0 helmet
rElec   .          Harm     .   f - +1 cloak
rCorr   .          Rampage  .   (no gloves)
Will    .....                   (no boots)
Stlth   ..........              k - amulet of guardian spirit
HPRegen 0.17/turn               o - +4 ring of protection
MPRegen 0.09/turn               (no ring)

@: mighty, berserking, lethally poisoned (-1 -> -12), attractive, flying,
hasted, very quick
A: powered by pain 1, demonic magic 1
a: no special abilities


You were in a sewer.
You visited 1 branch of the dungeon, and saw 3 of its levels.
You also visited: Sewer.

You collected 102 gold pieces.

Inventory:

Hand Weapons
 a - a +0 war axe (weapon)
Armour
 b - a +0 leather armour (worn)
 c - a +0 helmet (worn)
 f - a +1 cloak (worn)
 q - a +0 pair of gloves
Jewellery
 k - an amulet of guardian spirit (around neck)
 o - a +4 ring of protection (left hand)
Scrolls
 h - 3 scrolls of teleportation {unknown}
 i - a scroll of fog {unknown}
 j - a scroll of noise {unknown}
 p - a scroll of summoning {unknown}
 t - 2 scrolls of amnesia {unknown}
 u - a scroll of fear {unknown}
 v - a scroll of enchant armour {unknown}
Potions
 e - a potion of flight
 s - a potion of curing {unknown}


   Skills:
 + Level 3.0 Fighting
 + Level 3.4 Axes
 + Level 2.7 Throwing
 + Level 3.4 Dodging


You had 3 spell levels left.
You didn't know any spells.
Your spell library was empty.

Dungeon Overview and Level Annotations

Branches:
Dungeon (3/15)              Sewer (1/1)

Altars:

Annotations:
D:3 1 transporter, HarenHammertoe's ghost, amateur DENe


Innate Abilities, Weirdness & Mutations

You sometimes gain a little power by taking damage.
Spells you cast may paralyse adjacent enemies.


Message History

The water moccasin closely misses you.
It was a potion of berserk rage.
A red film seems to cover your vision as you go berserk!
You feel yourself moving faster!
You feel mighty!
You feel very sick.
The water moccasin bites you but does no damage.
You are too berserk!
You slash the water moccasin!
The water moccasin is heavily wounded.
* * * LOW HITPOINT WARNING * * *
You feel very sick. The water moccasin closely misses you.
You barely miss the water moccasin.
The water moccasin is heavily wounded.
You feel sick. The water moccasin closely misses you.
You slash the water moccasin!
The water moccasin is severely wounded.
You feel sick. The water moccasin barely misses you.
The water moccasin closely misses you.
Unknown command.
You miss the water moccasin.
The water moccasin is severely wounded.
You feel sick. The water moccasin bites you.
* * * LOW HITPOINT WARNING * * *
You are lethally poisoned!
The water moccasin poisons you!
You hit the water moccasin.
The water moccasin is severely wounded.
* * * LOW HITPOINT WARNING * * *
You feel very sick. The water moccasin barely misses you.
You completely miss the water moccasin.
The water moccasin is severely wounded.
* * * LOW HITPOINT WARNING * * *
You feel sick.
The water moccasin bites you but does no damage.
The water moccasin barely misses you.
You slash the water moccasin!
You kill the water moccasin!
You die...

#.∩∩.#........#
#....#....#...#
###..#†.#######
####....)..#####
#≈≈≈≈≈≈≈)≈≈≈≈≈≈#
####....≈..#####
####.#### #≈#
##@## #.≈.#
##≈≈.## #.....#
#...≈≈##
#...#≈≈.#
#.≈###.≈## #.≈.
#≈..# #≈≈# ##≈.#


There were no monsters in sight!

Vanquished Creatures
  A water moccasin (Sewer)
  4 adders
  A river rat (D:3)
  A dart slug (D:1)
  4 orcs (D:3)
  6 bats
  5 endoplasms
  5 giant cockroaches
  8 goblins
  5 hobgoblins
  2 jackals (Sewer)
  9 kobolds
  4 quokkas
  4 ball pythons
  8 rats
67 creatures vanquished.

Notes
Turn   | Place    | Note
-------+----------+-------------------------------------------
     0 | D:1      | ders the Demonspawn Gladiator began the quest for the Orb.
     0 | D:1      | Reached XP level 1. HP: 16/16 MP: 1/1
   161 | D:1      | Gained mutation: Spells you cast may paralyse adjacent
                  | enemies. [demonic ancestry]
   161 | D:1      | Reached XP level 2. HP: 22/22 MP: 2/2
   771 | D:1      | Reached XP level 3. HP: 18/28 MP: 3/3
  1209 | D:1      | Found a faded altar of an unknown god.
  2447 | D:2      | Gained mutation: You sometimes gain a little power by
                  | taking damage. [demonic ancestry]
  2447 | D:2      | Reached XP level 4. HP: 34/34 MP: 4/4
  3101 | D:3      | Found a glowing drain.
  3174 | D:3      | Noticed HarenHammertoe's ghost (amateur DENe)
  3175 | D:3      | Found a transporter.
  3243 | Sewer    | Entered a sewer
  3324 | Sewer    | Noticed a water moccasin
  3356 | Sewer    | HP: 2/52 [poisoned by a water moccasin]
  3357 | Sewer    | Killed a water moccasin
  3357 | Sewer    | Succumbed to a water moccasin's poison

Illustrated notes

Levels and vault maps discovered:
D:1:      heliophobic_arrival_glass_houses, layout_loops_ring,
          hellmonk_ecumenical_altar_heavens_door
D:2:      layout_basic, glass_columns_c
D:3:      layout_rooms, gup_sewer_entry_spiral, gammafunk_ghost_mausoleum
Sewer:    sewer_the_moccasin

Skill      XL: |  1  2  3  4 |
---------------+-------------+-----
Throwing       | 2 |  2.7
Axes           | 3 |  3.4
Dodging        | 3 |  3.4
Fighting       | 3 |  3.0

Action                   |  1- 3 |  4- 6 || total
-------------------------+-------+-------++-------
Melee: War axe           |   124 |    73 ||   197
Throw: Throwing net      |       |     3 ||     3
  Use: Potion            |       |     6 ||     6
 Stab: Sleeping          |     1 |     1 ||     2
Armor: Leather armour    |    51 |    29 ||    80
Dodge: Dodged            |    99 |    67 ||   166

Table legend: (Time is in decaauts)
 A = Elapsed time spent in this place.
 B = Non-inter-level travel time spent in this place.
 C = Inter-level travel time spent in this place.
 D = Time resting spent in this place.
 E = Time spent auto-exploring this place.
 F = Levels seen in this place.
 G = Mean time per level.
                   A        B        C        D        E       F      G
               +--------+--------+--------+--------+--------+-----+--------+
         Total |   3484 |   3364 |    120 |    754 |   2089 |   4 |  871.0 |
       Dungeon |   3362 |   3242 |    120 |    750 |   2025 |   3 | 1120.7 |
         Sewer |    121 |    121 |      0 |      4 |     64 |   1 |  121.0 |
               +--------+--------+--------+--------+--------+-----+--------+

Top non-repeatable levels by time:
     D:2: 1344 daAuts
     D:1: 1322 daAuts
     D:3: 695 daAuts
   Sewer: 121 daAuts
